 Dungeon Crawl Stone Soup version 0.19.0-2-gae57169 (webtiles) character file.

1551 Jorund the Martial Artist (level 8, -2/48 HPs)
             Began as an Octopode Transmuter on Nov 2, 2016.
             Slain by Duvessa
             ... wielding a +0 short sword of electrocution
              (17 damage)
             ... on level 4 of the Dungeon.
             The game lasted 00:11:23 (5765 turns).

Jorund the Martial Artist (Octopode Transmuter)     Turns: 5765, Time: 00:11:24

Health: -2/48      AC:  1    Str: 10    XL:     8   Next: 88%
Magic:  23/23      EV: 15    Int: 17    God:
Gold:   119        SH:  0    Dex: 12    Spells: 3 memorised, 9 levels left

rFire  . . .     SeeInvis .       - Unarmed
rCold  + . .     Gourm    .     (no shield)
rNeg   . . .     Faith    .     (helmet restricted)
rPois  .         Spirit   .     (no amulet)
rElec  .         Reflect  .     e - ring of protection from cold
rCorr  .         Harm     .     h - ring of magical power
MR     +....                    w - ring of protection from magic
Stlth  ++........               (no ring)
                                (no ring)
                                (no ring)
                                (no ring)
                                (no ring)

@: appendage (expiring)
A: almost no armour, stealthy swim, amphibious, 8 rings, constrict 8, tentacle
spike 3, camouflage 1, gelatinous body 1
a: End Transformation


You were on level 4 of the Dungeon.
You were not hungry.
One of your tentacles had a temporary spike.
You visited 1 branch of the dungeon, and saw 5 of its levels.

You collected 119 gold pieces.

Inventory:

Missiles
 a - 33 arrows
Jewellery
 e - a ring of protection from cold (left tentacle)
 h - a ring of magical power (right tentacle)
 w - a ring of protection from magic (on tentacle)
Wands
 n - a wand of paralysis (0/24)
 o - a wand of enslavement (16/24)
Scrolls
 g - 3 scrolls of fog
 j - a scroll of immolation
 k - a scroll of noise
 u - 2 scrolls of remove curse
Potions
 l - 3 potions of flight
 q - a potion of beneficial mutation {unknown}
 r - a potion of invisibility {unknown}
 s - a potion of resistance {unknown}
 z - a potion of magic {unknown}
Books
 b - a book of Changes

   Spells                             Type                      Level
   a - Beastly Appendage              Transmutation                1
   b - Sticks to Snakes               Transmutation                2
   c - Spider Form                    Transmutation/Poison         3
   d - Ice Form                       Ice/Transmutation            4
   e - Blade Hands                    Transmutation                5
Comestibles
 c - 6 bread rations
 d - a meat ration
 i - 3 fruits
 v - a royal jelly


   Skills:
 - Level 1.0 Fighting
 + Level 4.1 Dodging
 + Level 8.7 Unarmed Combat
 + Level 4.4 Spellcasting
 + Level 4.5 Transmutations


You had 9 spell levels left.
You knew the following spells:

 Your Spells              Type           Power        Failure   Level  Hunger
a - Beastly Appendage     Tmut           ###...       2%          1    None
b - Sticks to Snakes      Tmut           ###.....     3%          2    ##.....
c - Spider Form           Tmut/Pois      ##........   21%         3    ###....


Dungeon Overview and Level Annotations

Branches:
Dungeon (5/15)
 Temple: D:4-7

Altars:
Fedhas
Okawaru
Qazlal
Uskayaw

Annotations:
D:4 Dowan, Duvessa


Innate Abilities, Weirdness & Mutations

You cannot wear most types of armour.
You are very stealthy in the water. (Stealth+)
You are amphibious.
You can wear up to eight rings at the same time.
You can use your tentacles to constrict eight enemies at once.
Your skin changes colour to match your surroundings (Stealth+).
Your rubbery body absorbs attacks. (AC +1, EV +1)
One of your tentacles bears a large vicious spike.


Message History

You kill the orc!
The jackal bites you.
There is a stone staircase leading up here.
The jackal bites you. The jackal completely misses you. The jackal misses you.
You climb upwards.
Level annotation: Dowan, Duvessa Duvessa shouts!
There is a stone staircase leading down here.
You completely miss the jackal. You grab the jackal. You constrict the jackal.
The jackal barely misses you. x2
You bludgeon the jackal!
You kill the jackal!
Your transformation is almost over.
The jackal misses you.
Duvessa hits you with a short sword of electrocution.
You completely miss Duvessa. Your grab misses Duvessa.
The jackal barely misses you.
Duvessa hits you with a short sword of electrocution.
You are electrocuted!
You die...

#...# #.# #.#.# ###'####e#
#.#.# ###.......# #.#.#
#######
..........#######.#.###.....#
###.............#..§.<#.###.#
# #......######.##o####.....#
########## #.##...)eo.####
.##############†########)#
...............e@......).#
........##'####h##########
#...............#
#.÷.............#
#...............#
#......†........#
##..............#
#..............#
##'######.####.#


You could see Duvessa and a jackal.

Vanquished Creatures
  Pikel (D:5)
  Grinder (D:5)
  Sigmund (D:5)
  Edmund (D:4)
  An ogre (D:4)
  3 slaves (D:5)
  A scorpion (D:3)
  A howler monkey (D:4)
  2 hounds (D:4)
  An orc priest (D:4)
  An iguana (D:4)
  2 orc wizards
  4 worker ants
  A hound skeleton (D:4)
  5 gnolls
  6 adders
  An adder skeleton (D:5)
  2 worms
  A dart slug (D:2)
  2 leopard geckos
  13 orcs
  4 giant cockroaches
  5 goblins
  7 hobgoblins
  3 jackals
  3 quokkas
  A ball python (D:2)
  4 bats
  7 frilled lizards
  5 kobolds
  9 rats
99 creatures vanquished.

Notes
Turn   | Place    | Note
-------+----------+-------------------------------------------
     0 | D:1      | Jorund the Octopode Transmuter began the quest for the Orb.
     0 | D:1      | Reached XP level 1. HP: 13/13 MP: 3/3
   177 | D:1      | Reached XP level 2. HP: 11/18 MP: 3/5
   658 | D:1      | Reached XP level 3. HP: 12/23 MP: 6/6
  1180 | D:2      | Learned a level 2 spell: Sticks to Snakes
  1641 | D:2      | Reached skill level 4 in Unarmed Combat
  2138 | D:3      | Found a hide-covered altar of Uskayaw.
  2145 | D:3      | Reached XP level 4. HP: 28/28 MP: 4/7
  2161 | D:3      | Reached XP level 5. HP: 26/33 MP: 5/8
  2854 | D:3      | Found a faded altar of an unknown god.
  3128 | D:3      | Learned a level 3 spell: Spider Form
  3140 | D:4      | Reached skill level 5 in Unarmed Combat
  3143 | D:4      | Noticed Edmund
  3416 | D:4      | Noticed Duvessa
  3416 | D:4      | Noticed Dowan
  3606 | D:3      | Reached XP level 6. HP: 24/38 MP: 10/10
  4147 | D:4      | Killed Edmund
  4147 | D:4      | Reached skill level 6 in Unarmed Combat
  4333 | D:4      | Found a blossoming altar of Fedhas.
  4335 | D:4      | Found a stormy altar of Qazlal.
  4387 | D:4      | Reached XP level 7. HP: 39/43 MP: 11/11
  4620 | D:5      | Entered Level 5 of the Dungeon
  4620 | D:5      | Noticed Sigmund
  4846 | D:5      | Found an iron altar of Okawaru.
  5195 | D:5      | Killed Sigmund
  5195 | D:5      | Reached skill level 7 in Unarmed Combat
  5195 | D:5      | Reached XP level 8. HP: 48/48 MP: 13/13
  5383 | D:5      | Noticed Pikel
  5659 | D:5      | Killed Pikel
  5659 | D:5      | Reached skill level 8 in Unarmed Combat
  5684 | D:5      | Noticed Grinder
  5695 | D:5      | Killed Grinder
  5765 | D:4      | Slain by Duvessa

Skill      XL: |  1  2  3  4  5  6  7  8 |
---------------+-------------------------+-----
Unarmed Combat | 4 5 6 7 8 |  8.7
Transmutations | 3 4 |  4.5
Spellcasting   | 3 4 |  4.4
Dodging        | 3 4 |  4.1
Fighting       | |  1.0

Action                   |  1- 3 |  4- 6 |  7- 9 || total
-------------------------+-------+-------+-------++-------
Melee: Unarmed           |    72 |   101 |    97 ||   270
       Constrict         |    17 |    24 |    23 ||    64
       Tentacles         |    12 |    21 |    16 ||    49
       Kick              |     8 |    17 |    33 ||    58
       Punch             |       |     5 |     2 ||     7
 Cast: Beastly Appendage |    12 |    15 |    14 ||    41
Evoke: Wand              |       |     1 |     2 ||     3
  Use: Scroll            |     5 |     3 |     3 ||    11
       Potion            |       |       |     3 ||     3
 Stab: Sleeping          |     8 |     8 |     4 ||    20
       Paralysed         |       |     8 |     7 ||    15
  Eat: Chunk             |     3 |     8 |     4 ||    15
Armor: Skin              |     1 |     3 |     1 ||     5
Dodge: Dodged            |    33 |    51 |    61 ||   145
